 Dungeon Crawl Stone Soup version 0.30-a0-643-g638baaf3f0 (webtiles) character file.

Game seed: 3160525077169343247

44 Dirtsage the Insei (level 3, -2/23 HPs)
             Began as an Octopode Transmuter on Jan 16, 2023.
             Slain by a goblin
             ... wielding a +0 dagger
             ... led by Robin
              (3 damage)
             ... on level 2 of the Dungeon.
             The game lasted 00:01:34 (873 turns).

Dirtsage the Insei (Octopode Transmuter)             Turns: 873, Time: 00:01:34

Health: -2/23      AC:  1    Str:  9    XL:     3   Next: 62%
Magic:  3/6        EV: 13    Int: 17    God:
Gold:   15         SH:  0    Dex: 12    Spells: 3/6 levels left

rFire   . . .      SeeInvis .      - Unarmed
rCold   . . .      Faith    .    (no shield)
rNeg    . . .      Spirit   .    (helmet currently unavailable)
rPois   .          Reflect  .    (no amulet)
rElec   .          Harm     .    W - ring of wizardry
rCorr   .          Rampage  .    (no ring)
Will    .....                    (no ring)
Stlth   ++                       (no ring)
HPRegen 0.23/turn                (no ring)
MPRegen 0.10/turn                (no ring)
                                 (no ring)
                                 (no ring)

@: appendages, wereblooded
A: tentacle spike 3, almost no armour, amphibious, 8 rings, camouflage 1,
gelatinous body 1, (nimble swimmer 1), tentacles
a: End Transformation


You were on level 2 of the Dungeon.
One of your tentacles had grown a beastly spike.
You visited 1 branch of the dungeon, and saw 2 of its levels.

You collected 15 gold pieces.

Inventory:

Jewellery
 W - a ring of wizardry (left tentacle)
Scrolls
 d - 2 scrolls of magic mapping {unknown}
 e - a scroll of teleportation {unknown}
Potions
 a - a potion of lignification
 b - a potion of ambrosia {unknown}
 c - a potion of magic {unknown}
 f - a potion of brilliance {unknown}


   Skills:
 - Level 1.0 Fighting
 - Level 2.0 Dodging
 - Level 3.0 Unarmed Combat
 - Level 2.0 Spellcasting
 * Level 3.0 Transmutations
 * Level 2.1 Ice Magic


You had 3 spell levels left.
You knew the following spells:

 Your Spells              Type           Power      Damage    Failure   Level
a - Beastly Appendage     Tmut           24%        N/A       2%          1
b - Wereblood             Tmut           12%        N/A       3%          2

Your spell library contained the following spells:

 Spells                   Type           Power      Damage    Failure   Level
 Necrotise                Necr           4%         1d4       8%          1
 Spider Form              Tmut/Pois      6%         N/A       12%         3
 Vampiric Draining        Necr           1%         2d6       22%         3
 Ice Form                 Ice/Tmut       10%        N/A       26%         4
 Agony                    Necr           1%         N/A       88%         5


Dungeon Overview and Level Annotations

Branches:
Dungeon (2/15)

Altars:

Shops:
D:1 ?

Annotations:
D:2 Robin


Innate Abilities, Weirdness & Mutations

One of your tentacles has grown a beastly spike.
You cannot wear most types of armour.
You are amphibious.
You can wear up to eight rings at the same time.
Your skin changes colour to match your surroundings (Stealth+).
Your rubbery body absorbs attacks. (AC +1, EV +1)
((You are camouflaged when in or above water. (Stealth+)))
You have tentacles for arms and can constrict up to eight enemies at once.


Message History

A hobgoblin comes into view. x2
The hobgoblin shouts!
You hear a shout!
Robin, a goblin and a hobgoblin come into view.
Robin is wielding a +2 heavy mace.
Your transformation is almost over.
The hobgoblin shouts!
The goblin shouts! x2
A goblin comes into view. It is wielding a +0 dagger.
Robin shouts! 2 goblins come into view.
The goblin shouts!
Robin says, "My goblins will feast on your bones."
The goblin misses you.
The goblin unwields a +0 dagger.
The goblin wields a +0 sling.
The goblin shoots a sling bullet.
The sling bullet hits you.
The goblin shouts!
You hear a shout!
You take 5 damage, and have 18/23 hp.
MASSIVE DAMAGE!!
The goblin attacks as you move away! The goblin hits you with a +0 club.
The hobgoblin shouts!
You take 2 damage, and have 16/23 hp.
The goblin attacks as you move away! The goblin hits you with a +0 club.
Robin roars a battlecry!
The goblins go into a battle-frenzy!
You take 3 damage, and have 13/23 hp.
Casting: Beastly Appendage (safe; 2% risk of failure)
Confirm with . or Enter, or press ? or * to list all spells.
Your blood is infused with primal strength.
The goblin hits you with a +0 club. Robin throws the goblin at you!
The goblin hits you with a +0 dagger.
* * * LOW HITPOINT WARNING * * *
You take 8 damage, and have 5/23 hp.
MASSIVE DAMAGE!!
You now have 3/6 mp.
Casting: Wereblood (safe; 3% risk of failure)
Confirm with . or Enter, or press ? or * to list all spells.
You extend your transformation's duration.
The goblin barely misses you. The goblin closely misses you.
You tentacle-slap the goblin. Your grab misses the goblin.
The goblin is severely wounded.
The goblin hits you with a +0 club.
* * * LOW HITPOINT WARNING * * *
The goblin hits you with a +0 dagger.
You die...

#.# #.# . #.#
.. #.# ...
#.# #...###
#.# ...<...
#.#
......g####.#
..>.ggggg@g.#
.....gg######
..g....
.......
.....g.
.......
.......
##.....


You could see Robin, 2 hobgoblins and 7 goblins.

Vanquished Creatures
  2 dart slugs (D:1)
  3 ball pythons (D:1)
  2 bats (D:1)
  3 endoplasms (D:1)
  4 giant cockroaches (D:1)
  A goblin (D:1)
  4 hobgoblins (D:1)
  7 jackals (D:1)
  2 kobolds (D:1)
  2 quokkas (D:1)
  2 frilled lizards
  A rat (D:1)
33 creatures vanquished.

Notes
Turn   | Place    | Note
-------+----------+-------------------------------------------
     0 | D:1      | Dirtsage the Octopode Transmuter began the quest for the
                  | Orb.
     0 | D:1      | Reached XP level 1. HP: 13/13 MP: 3/3
    16 | D:1      | Found a faded altar of an unknown god.
    76 | D:1      | Reached skill level 1 in Ice Magic
    76 | D:1      | Reached XP level 2. HP: 14/18 MP: 3/5
   234 | D:1      | Learned a level 2 spell: Wereblood
   314 | D:1      | Reached XP level 3. HP: 21/23 MP: 6/6
   555 | D:1      | Found Atuon's Magic Scroll Shoppe.
   867 | D:2      | Noticed Robin
   873 | D:2      | HP: 1/23 [goblin/+0 club[Robin] (5)]
   873 | D:2      | Slain by a goblin

Illustrated notes

Levels and vault maps discovered:
D:1:      giann_horns, layout_loops_ring, serial_shops,
          nicolae_shop_window_shopping, ebering_ecumenical_altar_webs
D:2:      layout_basic, uniq_robin, uniq_jessica

Skill      XL: |  1  2  3 |
---------------+----------+-----
Ice Magic      | 1 2 |  2.1
Transmutations | 3 |  3.0
Fighting       | |  1.0
Dodging        | |  2.0
Unarmed Combat | |  3.0
Spellcasting   | |  2.0

Action                   || total
-------------------------++-------
Melee: Unarmed           ||    64
       Kick              ||    14
       Constrict         ||    19
       Tentacles         ||    15
       Punch             ||     1
 Cast: Beastly Appendage ||    10
       Wereblood         ||     1
 Stab: Sleeping          ||     9
Armor: Skin              ||     3
Dodge: Dodged            ||    37

Table legend: (Time is in decaauts)
 A = Elapsed time spent in this place.
 B = Non-inter-level travel time spent in this place.
 C = Inter-level travel time spent in this place.
 D = Time resting spent in this place.
 E = Time spent auto-exploring this place.
 F = Levels seen in this place.
 G = Mean time per level.
                   A        B        C        D        E       F      G
               +--------+--------+--------+--------+--------+-----+--------+
         Total |    868 |    859 |      9 |      0 |    676 |   2 |  434.0 |
       Dungeon |    868 |    859 |      9 |      0 |    676 |   2 |  434.0 |
               +--------+--------+--------+--------+--------+-----+--------+

Top non-repeatable levels by time:
     D:1: 832 daAuts
     D:2: 36 daAuts
